AoeStats
← Gobbor

Arena

510160696Analyzed
1v1 RM · 3d ago on Sep 29, 2026· 41m 45s· 2 players
Game mode
Random Map
Map size
Tiny (2 player)
Population
200
Speed
Normal
Resources
Standard
Victory
Conquest
Starting age
Dark Age
Ending age
Imperial Age
RankedLock teamsTeams togetherTeam positionsShared explorationLock speedFull tech treeHidden civsTurbo modeCheats
Victory
Defeat
🇨🇦 Turks · Canada
1004
+16
🇩🇰 Spanish · Denmark
997
-45
Gobbor
0:28 Loom
10:30 Feudal Age
11:56 Double-Bit Axe
12:40 Horse Collar
14:09 Gold Mining
14:11 Stone Mining
21:38 Castle Age
22:13 Wheelbarrow
26:50 Imperial Age
24:28 Padded Archer Armor
25:33 Bow Saw
26:04 Leather Archer Armor
28:44 Heavy Plow
30:37 Hand Cart
31:38 Conscription
34:24 Ring Archer Armor
33:57 Husbandry
34:07 Bloodlines
35:38 Elite Conquistador
别打脸 我是小帅
11:32 Feudal Age
10:29 Loom
13:15 Double-Bit Axe
13:35 Gold Mining
16:07 Castle Age
15:08 Stone Mining
15:02 Horse Collar
15:23 Loom
17:13 Bow Saw
18:05 Wheelbarrow
17:20 Loom
17:52 Town Watch
20:07 Fervor
24:39 Gold Shaft Mining
28:23 Imperial Age
26:47 Hand Cart
26:53 Heavy Plow
29:36 Conscription
29:50 Town Patrol
30:51 Thumb Ring
32:47 Padded Archer Armor
33:29 Ballistics
32:49 Treadmill Crane
34:23 Masonry
35:06 Artillery
36:12 Architecture
35:55 Elite Janissary
39:38 Leather Archer Armor
39:14 Fletching
39:34 Forging
Connection lost

Rejoining the realm…

Still unreachable

The connection could not be restored.

Session expired

The server has moved on; the page needs a fresh start.